 Dungeon Crawl Stone Soup version 0.29.1-15-g9cfb28693d (webtiles) character file.

Game seed: 5255442061370608063

28 xakonel the Conjurer (level 2, 0/20 HPs)
             Began as a Draconian Conjurer on Mar 10, 2023.
             Slain by an adder (4 damage)
             ... on level 2 of the Dungeon.
             The game lasted 00:03:04 (1111 turns).

xakonel the Conjurer (Draconian Conjurer)           Turns: 1111, Time: 00:03:05

Health: 0/20       AC:  4    Str:  9    XL:     2   Next: 96%
Magic:  1/5        EV: 12    Int: 18    God:
Gold:   72         SH:  0    Dex:  9    Spells: 2/5 levels left

rFire   . . .      SeeInvis .   (no weapon)
rCold   . . .      Faith    .   (no shield)
rNeg    . . .      Spirit   .   (body armour unavailable)
rPois   .          Reflect  .   (helmet restricted)
rElec   .          Harm     .   (no cloak)
rCorr   .          Rampage  .   (no gloves)
Will    .....                   (no boots)
Stlth   ++........              (no amulet)
HPRegen 0.06/turn               (no ring)
MPRegen 0.09/turn               (no ring)

@: no status effects
A: AC +4, unfitting armour, cold-blooded
a: no special abilities


You were on level 2 of the Dungeon.
You visited 1 branch of the dungeon, and saw 2 of its levels.

You collected 72 gold pieces.

Inventory:

Jewellery
 f - a +4 ring of slaying
Scrolls
 b - 2 scrolls of enchant armour {unknown}
 d - a scroll of amnesia {unknown}
 e - a scroll of torment {unknown}
 h - a scroll of vulnerability {unknown}
 i - a scroll of identify {unknown}
 j - a scroll of noise {unknown}
Potions
 a - a potion of magic
 c - a potion of lignification {unknown}
 g - a potion of mutation {unknown}
 k - a potion of curing {unknown}
 l - a potion of brilliance {unknown}
 m - a potion of ambrosia {unknown}


   Skills:
 - Level 1.7 Dodging
 - Level 1.7 Stealth
 + Level 0.6 Unarmed Combat
 + Level 2.3 Spellcasting
 + Level 4.6 Conjurations


You had 2 spell levels left.
You knew the following spells:

 Your Spells              Type           Power      Damage    Failure   Level
a - Magic Dart            Conj           72%        1d6       2%          1
b - Searing Ray           Conj           36%        2d5       4%          2

Your spell library contained the following spells:

 Spells                   Type           Power      Damage    Failure   Level
 Foxfire                  Conj/Fire      40%        2x1d6     7%          1
 Conjure Flame            Conj/Fire      10%        6-21      21%         3
 Dazzling Flash           Conj/Hex       20%        N/A       21%         3
 Inner Flame              Hex/Fire       2%         N/A       45%         3
 Flame Wave               Conj/Fire      10%        2d6       56%         4
 Fulminant Prism          Conj/Hex       5%         3d7       56%         4
 Iskenderun's Mystic Bla  Conj/Tloc      10%        2d4       56%         4


Dungeon Overview and Level Annotations

Branches:
Dungeon (2/15)

Altars:


Innate Abilities, Weirdness & Mutations

Your plain brown scales are hard. (AC +4)
You cannot fit into any form of body armour.
You are cold-blooded and may be slowed by cold attacks.


Message History

You are poisoned.
The adder poisons you! The adder bites you but does no damage.
You closely miss the adder.
The adder is lightly wounded.
You feel sick. The adder barely misses you.
You barely miss the adder.
The adder is lightly wounded.
You feel sick. The adder bites you.
You are too injured to fight recklessly!
You are too injured to fight recklessly!
You are too injured to fight recklessly!
You are too injured to fight recklessly!
You are too injured to fight recklessly!
You are too injured to fight recklessly!
You are too injured to fight recklessly!
You are too injured to fight recklessly!
You can't go up here!
Attack: -) Nothing wielded
Press: ? - help, Dir - move target, f/p - adder
Aim: an adder (lightly wounded, about 71% to evade your hands)
You hit the adder but do no damage.
Your tail-slap misses the adder.
The adder is lightly wounded.
You feel sick. The adder bites you. The adder misses you.
Attack: -) Nothing wielded
Press: ? - help, Dir - move target, f/p - adder
Aim: an adder (lightly wounded, about 71% to evade your hands)
You closely miss the adder.
Your tail-slap misses the adder.
The adder is lightly wounded.
You feel sick. The adder closely misses you.
Attack: -) Nothing wielded
Press: ? - help, Dir - move target, f/p - adder
Aim: an adder (lightly wounded, about 71% to evade your hands)
You barely miss the adder.
The adder is lightly wounded.
You feel sick.
You are no longer poisoned.
The adder bites you.
* * * LOW HITPOINT WARNING * * *
The adder bites you.
You die...

......<....##.##.#
...........##.##.#
†####'#######.##.#
#.####....##.#
#......###...######
##########.#..(...#
......##.###.#
##....S###
#...@...#
#.......#.#
#.##....#...
#.....>.. ...#
########.##.# .# .#
. # #.


You could see an adder.

Vanquished Creatures
  An endoplasm (D:1)
  A giant cockroach (D:1)
  2 goblins (D:1)
  3 hobgoblins
  5 jackals (D:1)
  2 quokkas (D:1)
  3 bats
  2 frilled lizards (D:1)
  2 kobolds (D:1)
  3 rats (D:1)
24 creatures vanquished.

Notes
Turn   | Place    | Note
-------+----------+-------------------------------------------
     0 | D:1      | xakonel the Draconian Conjurer began the quest for the Orb.
     0 | D:1      | Reached XP level 1. HP: 14/14 MP: 3/3
   363 | D:1      | Reached XP level 2. HP: 17/20 MP: 0/5
  1051 | D:1      | Learned a level 2 spell: Searing Ray
  1111 | D:2      | Slain by an adder

Illustrated notes

Levels and vault maps discovered:
D:1:      lightli_arrival_noodles, layout_basic
D:2:      layout_basic

Action                   || total
-------------------------++-------
Melee: Unarmed           ||    46
       Tailslap          ||    10
 Cast: Magic Dart        ||    44
       Searing Ray       ||     1
Armor: Skin              ||    16
Dodge: Dodged            ||    41
